 Dungeon Crawl Stone Soup version 0.30-a0-367-g839099abd5 (webtiles) character file.

Game seed: 8365590920266919740

23 Aramant the Ruffian (level 2, -7/26 HPs)
             Began as a Ghoul Monk on Nov 18, 2022.
             Mangled by Menkaure (13 damage)
             ... on level 4 of the Dungeon.
             The game lasted 00:03:03 (602 turns).

Aramant the Ruffian (Ghoul Monk)                     Turns: 602, Time: 00:03:04

Health: -7/26      AC:  3    Str: 14    XL:     2   Next: 95%
Magic:  1/1        EV: 12    Int:  5    God:
Gold:   36         SH:  0    Dex: 11    Spells: 1/1 levels left

rFire   . . .      SeeInvis .      - Unarmed
rCold   + . .      Faith    .    (no shield)
rNeg    + + +      Spirit   .    a - +0 robe
rPois   ∞          Reflect  .    (no helmet)
rElec   .          Harm     .    d - +0 cloak
rCorr   .          Rampage  .    (no gloves)
Will    .....                    (no boots)
Stlth   +.........               (no amulet)
HPRegen 0.00/turn                (no ring)
MPRegen 0.07/turn                (no ring)

@: confused, ambrosia-drunk, inhibited regen
A: claws 1, cold resistance 1, negative energy resistance 3, inhibited
regeneration, torment resistance 2, devour on kill
a: no special abilities


You were on level 4 of the Dungeon.
You visited 1 branch of the dungeon, and saw 4 of its levels.

You collected 36 gold pieces.

Inventory:

Armour
 a - a +0 robe (worn)
 d - a +0 cloak (worn)
Jewellery
 c - a ring of magical power
Scrolls
 g - a scroll of enchant weapon {unknown}
Potions
 e - a potion of might
 f - a potion of flight {unknown}
 h - a potion of lignification {unknown}
 i - a potion of degeneration {unknown}


   Skills:
 + Level 3.6 Fighting
 + Level 3.0 Dodging
 + Level 2.4 Stealth
 + Level 3.7 Unarmed Combat


You had one spell level left.
You didn't know any spells.
Your spell library contained the following spells:

 Spells                   Type           Power      Damage    Failure   Level
 Petrify                  Tmut/Erth      0%         N/A       99%         4
 Irradiate                Conj/Tmut      0%         3d11      100%        5
 Sublimation of Blood     Necr           Unusable   N/A       N/A         2

Dungeon Overview and Level Annotations

Branches:
Dungeon (4/15)
 Temple: D:4-7

Altars:

Annotations:
D:4 Menkaure


Innate Abilities, Weirdness & Mutations

You are immune to poison.
You have sharp fingernails.
Your flesh is cold resistant. (rC+)
You are immune to negative energy. (rN+++)
You do not regenerate when monsters are visible.
You are immune to unholy pain and torment.
You thrive by killing the living.


Message History

The hobgoblin is almost dead.
The hobgoblin hits you.
You claw the hobgoblin!
You kill the hobgoblin!
g - a scroll labelled MIFEMAINUMA You start resting.
HP restored.
You see here a hobgoblin corpse.
h - a murky blue potion
Things that are here:
a +0 club; a goblin corpse An endoplasm comes into view.
A hobgoblin comes into view.
The endoplasm quivers.
You see here a lumpy clear potion.
i - a lumpy clear potion The endoplasm hits you but does no damage.
You claw the endoplasm!
You kill the endoplasm!
The hobgoblin shouts!
You barely miss the hobgoblin. The hobgoblin closely misses you.
You scratch the hobgoblin.
You kill the hobgoblin!
Menkaure, Prince of Dust comes into view.
Menkaure shouts!
Menkaure casts a spell.
Menkaure seems to speed up.
Menkaure giggles, "These cerements are ticklish..."
You scratch Menkaure.
Menkaure is lightly damaged.
Menkaure hits you!!
Ouch! That really hurt!
* * * LOW HITPOINT WARNING * * *
Menkaure attacks as you move away! Menkaure closely misses you.
Found 6 poisoned darts.
Menkaure forgets how to speak, silenced by the ages.
You are confused.
You feel invigorated. Menkaure hits you!
Ouch! That really hurt!
You die...

..##.#.# #.##.#.#
#.##.#.# ##. #.##.#.#
#.. ##.#....# #.#
#.....### #########.#
#...#.#
#......##.###.#M#.##.#..
........#.....#.@...((.#
...........#####.....#.#
......†..).#####...###
..................##
...........##.##..#
..............##..#
..........##...#..#
.............#.#..#
.........###......#####


You could see Menkaure (fast).

Vanquished Creatures
  2 worms (D:2)
  A dart slug (D:2)
  4 endoplasms
  A goblin (D:4)
  2 hobgoblins (D:4)
  A kobold (D:2)
  A ball python (D:2)
  A frilled lizard (D:2)
  A rat (D:2)
14 creatures vanquished.

Notes
Turn   | Place    | Note
-------+----------+-------------------------------------------
     0 | D:1      | Aramant the Ghoul Monk began the quest for the Orb.
     0 | D:1      | Reached XP level 1. HP: 19/19 MP: 0/0
   233 | D:2      | Reached XP level 2. HP: 23/26 MP: 1/1
   587 | D:4      | Noticed Menkaure
   602 | D:4      | Mangled by Menkaure

Illustrated notes

Levels and vault maps discovered:
D:1:      minmay_arrival_three_doors, layout_loops_ring
D:2:      layout_loops_corners, minmay_tree_intersection, st_stairs_8,
          palyth_stone_intersect
D:3:      layout_basic, mainiacjoe_overflow_catwalk
D:4:      layout_rooms, uniq_menkaure

Skill      XL: |  1  2 |
---------------+-------+-----
Dodging        | 3 |  3.0
Fighting       | |  3.6
Stealth        | |  2.4
Unarmed Combat | |  3.7

Action                   || total
-------------------------++-------
Melee: Unarmed           ||    44
       Punch             ||     2
  Use: Scroll            ||     2
       Potion            ||     1
 Stab: Sleeping          ||     3
Armor: Robe              ||     3
Dodge: Dodged            ||     8

Table legend: (Time is in decaauts)
 A = Elapsed time spent in this place.
 B = Non-inter-level travel time spent in this place.
 C = Inter-level travel time spent in this place.
 D = Time resting spent in this place.
 E = Time spent auto-exploring this place.
 F = Levels seen in this place.
 G = Mean time per level.
                   A        B        C        D        E       F      G
               +--------+--------+--------+--------+--------+-----+--------+
         Total |    597 |    597 |      0 |    179 |    240 |   4 |  149.2 |
       Dungeon |    597 |    597 |      0 |    179 |    240 |   4 |  149.2 |
               +--------+--------+--------+--------+--------+-----+--------+

Top non-repeatable levels by time:
     D:2: 468 daAuts
     D:4: 77 daAuts
     D:1: 36 daAuts
     D:3: 15 daAuts
